AoeStats
← TocToc.Wolf_silver

QS Arena

503698261Analyzed
2v2 RM · 29d ago on Sep 1, 2026· 78m 47s· 4 players
Game mode
Random Map
Map size
Medium (4 player)
Population
200
Speed
Normal
Resources
Standard
Victory
Conquest
Starting age
Dark Age
Ending age
Imperial Age
RankedLock teamsTeams togetherTeam positionsShared explorationLock speedFull tech treeHidden civsTurbo modeCheats
Victory
Defeat
🇫🇷 Cumans · France
1559
+12
🇫🇷 Khmer · France
1354
+21
🇩🇪 Romans · Germany
1475
-17
🇺🇸 Wei · United States
1474
-17
TocToc.Wolf_silver
4:05 Loom
6:25 Feudal Age
7:37 Double-Bit Axe
8:13 Horse Collar
14:30 Wheelbarrow
15:51 Gold Mining
18:22 Castle Age
16:41 Bloodlines
17:42 Scale Barding Armor
18:51 Forging
18:40 Loom
19:21 Bow Saw
19:37 Heavy Plow
20:02 Chain Barding Armor
21:55 Hand Cart
21:41 Scale Mail Armor
22:20 Iron Casting
22:24 Devotion
25:36 Gold Shaft Mining
25:14 Stone Mining
32:15 Imperial Age
32:19 Cavalier
34:01 Blast Furnace
33:53 Plate Barding Armor
35:22 Paladin
36:43 Fletching
39:46 Two-Man Saw
39:18 Crop Rotation
41:20 Bodkin Arrow
43:59 Scale Mail Armor
44:24 Pikeman
45:31 Conscription
45:28 Chain Mail Armor
45:26 Halberdier
46:47 Plate Mail Armor
49:25 Squires
50:39 Light Cavalry
51:35 Caravan
52:26 Town Watch
56:16 Cuman Mercenaries
58:09 Hoardings
58:36 Town Patrol
64:46 Arson
65:53 Man-at-Arms
66:31 Long Swordsman
67:04 Two-Handed Swordsman
67:51 Sappers
69:13 Guilds
68:25 Champion
70:08 Ballistics
70:48 Chemistry
70:25 Masonry
74:09 Steppe Husbandry
77:00 Coinage
Me gusta papas fritas
8:48 Feudal Age
11:57 Castle Age
10:14 Double-Bit Axe
10:14 Horse Collar
13:27 Bow Saw
14:37 Wheelbarrow
13:56 Loom
21:54 Hand Cart
26:36 Imperial Age
24:49 Scale Mail Armor
25:00 Forging
25:27 Pikeman
26:42 Halberdier
28:52 Heavy Plow
29:19 Double Crossbow
29:40 Conscription
29:18 Heavy Scorpion
31:02 Chain Mail Armor
31:23 Iron Casting
31:48 Gold Mining
31:49 Stone Mining
32:35 Capped Ram
33:06 Arson
34:23 Blast Furnace
33:48 Siege Ram
44:51 Caravan
48:44 Chemistry
48:04 Ballistics
59:21 Siege Engineers
67:11 Fletching
69:17 Bodkin Arrow
70:47 Bracer
71:05 Masonry
V-Dub | Darius
8:28 Feudal Age
8:47 Feudal Age
13:00 Castle Age
11:12 Double-Bit Axe
11:11 Horse Collar
14:03 Bow Saw
20:21 Husbandry
22:09 Wheelbarrow
22:45 Bloodlines
23:20 Scale Barding Armor
24:10 Hand Cart
23:41 Loom
23:42 Town Watch
27:57 Chain Barding Armor
27:50 Forging
31:35 Imperial Age
30:16 Iron Casting
30:13 Tuntian
33:23 Blast Furnace
31:46 Heavy Hei Guang Cavalry
34:09 Ming Guang Armor
34:07 Conscription
34:23 Hoardings
35:30 Fletching
38:26 Elite Skirmisher
39:12 Thumb Ring
40:04 Squires
40:16 Masonry
40:08 Scale Mail Armor
40:01 Pikeman
40:53 Halberdier
44:32 Elite Tiger Cavalry
55:58 Bodkin Arrow
56:25 Ballistics
57:22 Chemistry
58:06 Caravan
59:51 Light Cavalry
61:12 Hussar
77:01 Bracer
V-Dub | Andi
7:12 Feudal Age
7:49 Loom
11:18 Castle Age
9:24 Double-Bit Axe
10:53 Horse Collar
12:22 Bow Saw
12:56 Man-at-Arms
14:49 Long Swordsman
15:56 Scale Mail Armor
17:36 Chain Mail Armor
18:01 Forging
21:13 Heavy Plow
21:05 Gold Mining
21:07 Stone Mining
22:48 Wheelbarrow
22:01 Town Watch
21:48 Pikeman
23:26 Fletching
26:48 Hand Cart
27:17 Squires
29:18 Iron Casting
33:10 Imperial Age
33:12 Onager
33:17 Halberdier
34:25 Conscription
36:22 Blast Furnace
56:48 Capped Ram
57:54 Caravan
57:47 Siege Ram
61:18 Coinage
66:50 Ballistics
67:33 Chemistry
66:46 Masonry
70:15 Crop Rotation
70:28 Legionary
73:08 Siege Engineers
73:14 Masonry
73:16 Fortified Wall
73:07 Murder Holes
73:56 Bodkin Arrow
Connection lost

Rejoining the realm…

Still unreachable

The connection could not be restored.

Session expired

The server has moved on; the page needs a fresh start.